 Dungeon Crawl Stone Soup version 0.32-a0-871-ge202e49faa (webtiles) character file.

Game seed: 14104786094881195817

14 FIREandBLOOD the Chiller (level 2, 13/19 HPs)
             Began as a Barachi Ice Elementalist on Mar 11, 2024.
             Quit the game on level 1 of the Dungeon on Mar 30, 2024.
             The game lasted 00:07:37 (446 turns).

FIREandBLOOD the Chiller (Barachi Ice Elementalist)  Turns: 446, Time: 00:07:37

Health: 13/19      AC:  5    Str:  9    XL:     2   Next: 45%
Magic:  1/6        EV: 11    Int: 15    God:
Gold:   36         SH:  0    Dex: 12    Spells: 6/7 levels left

rFire   . . .        g - +0 war axe
rCold   . . .        (no shield)
rNeg    . . .        a - +0 robe
rPois   .            d - +2 helmet
rElec   .            (no cloak)
rCorr   .            (no gloves)
SInv    .            (no boots)
Will    .....        (no amulet)
Stlth   ++           (no ring)
HPRegen 0.23/turn    (no ring)
MPRegen 0.10/turn

%: no passive effects
@: slow
A: amphibious, slowness 1, strong legs 1, +LOS
a: Hop


You were on level 1 of the Dungeon.
You visited 1 branch of the dungeon, and saw 1 of its levels.

You collected 36 gold pieces.

Inventory:

Hand Weapons
 g - a +0 war axe (weapon)
Armour
 a - a +0 robe (worn)
 d - a +2 helmet (worn)
Magical Staves
 e - a staff of earth
Scrolls
 c - a scroll of enchant weapon {unknown}
 f - a scroll of fear {unknown}
 h - a scroll of enchant armour {unknown}
Potions
 b - a potion of magic


   Skills:
 - Level 2.1 Dodging
 - Level 1.7 Stealth
 + Level 3.2 Spellcasting
 - Level 4.8 Ice Magic


You had 6 spell levels left.
You knew the following spells:

 Your Spells              Type           Power      Damage    Failure   Level
a - Freeze                Ice            64%        1d7       2%          1

Your spell library contained the following spells:

 Spells                   Type           Power      Damage    Failure   Level
 Frozen Ramparts          Ice            32%        1d5       9%          3
 Ozocubu's Armour         Ice            16%        N/A       9%          3
 Summon Ice Beast         Ice/Summ       9%         N/A       22%         3


Dungeon Overview and Level Annotations

Branches:
Dungeon (1/15)

Altars:


Innate Abilities, Weirdness & Mutations

You are amphibious.
You cover ground slowly.
You can hop short distances.
You have an extended range of vision and can be seen from far away.


Message History

Confirm with . or Enter, or press ? or * to list all spells.
Aiming: Freeze (safe; 2% risk of failure)
Press: ? - help, Shift-Dir - straight line, f - kobold
Aim: a kobold, wielding a +0 club You freeze the kobold.
You kill the kobold!
Casting: Freeze (safe; 2% risk of failure)
Confirm with . or Enter, or press ? or * to list all spells.
Aiming: Freeze (safe; 2% risk of failure)
Press: ? - help, Shift-Dir - straight line, f - hobgoblin
Aim: a hobgoblin You freeze the hobgoblin.
The hobgoblin is almost dead.
The hobgoblin closely misses you.
Casting: Freeze (safe; 2% risk of failure)
Confirm with . or Enter, or press ? or * to list all spells.
Okay, then.
You closely miss the hobgoblin.
The hobgoblin is almost dead.
The hobgoblin closely misses you.
You closely miss the hobgoblin.
The hobgoblin is almost dead.
The hobgoblin hits you but does no damage.
The hobgoblin barely misses you.
Press: ? - help, v - describe, . - travel
Here: a goblin, wielding a +2 dagger of venom The floor.
Unknown command.
Okay, then.
Okay, then.
Welcome back, FIREandBLOOD the Barachi Ice Elementalist.
Press ? for a list of commands and other information.
Welcome back, FIREandBLOOD the Barachi Ice Elementalist.
Press ? for a list of commands and other information.
Okay, then.
Unknown command.
Are you sure you want to abandon this character and quit the game? (Confirm with "yes".)
Okay, then.
Unknown command.
Are you sure you want to abandon this character and quit the game? (Confirm with "yes".)

.........#.####### #.
....## #รท# ###. .. #.##
######... ## ..##
###..#### .......## ...
..# #.......#... ##..
.... #.# #...........
#..# !...l
#.###.......##. #.##
###.K.
##..##.#..#####...###.#.
#.g....#...##g@.##
#.........
[.........ggl.###
#...##..##
#......#..###.# #..
#..### ###... ##.###.#
###...#.# # .....
#.##..# ........####
.... ##.##.## .##
..##.... ##...###.....#
.....#####.###
#........####
#.>........
##.......########
#####.#####


You could see a hobgoblin, 2 goblins and a frilled lizard.

Vanquished Creatures
  A giant cockroach (D:1)
  A hobgoblin (D:1)
  2 jackals (D:1)
  2 kobolds (D:1)
  5 ball pythons (D:1)
  2 bats (D:1)
13 creatures vanquished.

Notes
Turn   | Place    | Note
-------+----------+-------------------------------------------
     0 | D:1      | FIREandBLOOD the Barachi Ice Elementalist began the quest
                  | for the Orb.
     0 | D:1      | Reached XP level 1. HP: 13/13 MP: 3/3
   282 | D:1      | Reached XP level 2. HP: 19/19 MP: 3/5
   446 | D:1      | Upgraded the game from 0.32-a0-673-g3729bd50f8 to
                  | 0.32-a0-871-ge202e49faa
   446 | D:1      | Quit the game

Illustrated notes

Levels and vault maps discovered:
D:1:      elethiomel_arrival_infinity_welcomes_careful_drivers, layout_rooms,
          kennysheep_pointless_box, minmay_three_crescents

Skill      XL: |  1  2 |
---------------+-------+-----
Spellcasting   | 3 |  3.2
Dodging        | |  2.1
Stealth        | |  1.7
Ice Magic      | |  4.8

Action                     || total
---------------------------++-------
  Melee: War axe           ||     5
   Cast: Freeze            ||    17
Ability: Hop               ||     2
 Armour: Robe              ||    22
  Dodge: Dodged            ||    13

Table legend: (Time is in decaauts)
 A = Elapsed time spent in this place.
 B = Non-inter-level travel time spent in this place.
 C = Inter-level travel time spent in this place.
 D = Time resting spent in this place.
 E = Time spent auto-exploring this place.
 F = Levels seen in this place.
 G = Mean time per level.
                   A        B        C        D        E       F      G
               +--------+--------+--------+--------+--------+-----+--------+
         Total |    503 |    503 |      0 |    107 |     18 |   1 |  503.0 |
       Dungeon |    503 |    503 |      0 |    107 |     18 |   1 |  503.0 |
               +--------+--------+--------+--------+--------+-----+--------+

Top non-repeatable levels by time:
     D:1: 503 daAuts
